 Dungeon Sprint DCSS version 0.21.1-1-g345015fe64 (webtiles) character file.

2523 Htamos the Grappler (level 9, -4/102 HPs)
             Began as a Troll Berserker on July 13, 2018.
             Was an Elder of Trog.
             Slain by a lorocyproca (25 damage)
             ... in the Dungeon (Sprint I: "Red Sonja").
             The game lasted 00:03:27 (578 turns).

Htamos the Grappler (Troll Berserker)                Turns: 578, Time: 00:03:27

Health: -4/102     AC:  7    Str: 30    XL:     9   Next: 29%
Magic:  0/8        EV: 14    Int:  3    God:    Trog [****..]
Gold:   433        SH:  0    Dex:  9    Spells: 8/8 levels left

rFire    . . .     SeeInvis .     - Unarmed
rCold    . . .     Gourm    +   (no shield)
rNeg     . . .     Faith    .   k - +2 robe {MR+}
rPois    .         Spirit   .   (helmet restricted)
rElec    .         Reflect  .   (no cloak)
rCorr    .         Harm     .   (gloves unavailable)
MR       +....     NoTele   +   (boots unavailable)
Stlth    +.........             (no amulet)
HPRegen  0.67/turn              (no ring)
MPRegen  0.11/turn              (no ring)

@: berserk cooldown, slowed, very slow
A: large, unfitting armour, claws 3, fast metabolism 3, gourmand, regeneration
1, shaggy fur 1, tough skin 2
a: Berserk, Trog's Hand, Brothers in Arms, Burn Spellbooks, Renounce Religion


You were in the Dungeon.
You worshipped Trog.
Trog was greatly pleased with you.
You were very hungry.

You visited 1 branch You collected 433 gold pieces.

Inventory:

Armour
 a - a +0 animal skin
 k - a +2 robe of magic resistance (worn)
Wands
 i - a wand of digging (11)
Scrolls
 d - a scroll of enchant weapon {unknown}
 h - a scroll of blinking
 j - a scroll of fog {unknown}
Potions
 e - a potion of haste
 f - 2 potions of magic
 g - a potion of berserk rage
Comestibles
 b - 2 rations


   Skills:
 + Level 10.7 Fighting
 + Level 10.8 Dodging
 + Level 12.5 Unarmed Combat


You had 8 spell levels left.
You didn't know any spells.

Dungeon Overview and Level Annotations

Branches:
Dungeon (1/1)

Altars:
Cheibriados
Dithmenos
Elyvilon
Fedhas
Gozag
Hepliaklqana
Kikubaaqudgha
Makhleb
Nemelex Xobeh
Okawaru
Qazlal
Ru
Sif Muna
Trog
Uskayaw
Vehumet
Wu Jian
Xom
Yredelemnul
Zin
The Shining One
Jiyva
Lugonu

Shops:
D (


Innate Abilities, Weirdness & Mutations

You are too large for most types of armour.
You have claws for hands.
Your metabolism is lightning-fast.
You like to eat raw meat.
Your natural rate of healing is unusually fast.
You are covered in fur. (AC +1)
You have very tough skin. (AC +2)


Message History

Something hits you!
* * * LOW HITPOINT WARNING * * *
You feel your power leaking away.
* * * LOW MAGIC WARNING * * *
There is an open door here.
You see here a dire flail.
Really walk into a travel-excluded area? [Y]es or [N]o only, please.
Really walk into a travel-excluded area? [Y]es or [N]o only, please.
Really walk into a travel-excluded area?
Okay, then.
Something hits you.
* * * LOW HITPOINT WARNING * * *
You closely miss something. You claw something. Something hits you.
* * * LOW HITPOINT WARNING * * *
You miss something. Something hits you!
* * * LOW HITPOINT WARNING * * *
You feel better. Something hits you!!
You die...

#####################
.#.)'..#__#..')..#..#
.'..#..'..'..#)..##'#
'#####'#__####..@{..#
## .#...#.####
#####..+ #+#$###
##..##.#
##§####^.$#y#
_##'#_.+
#§§§§.#..$###
..†..._#
#§....'..$$$#
_##_.#'#
###...#§....#
_###+#.# #...###++##
## ### #..## #§§#


There were no monsters in sight!

Vanquished Creatures
  A gargoyle (D)
  2 kobold demonologists (D)
  4 demonic crawlers (D)
  A slime creature (D)
  Sigmund (D)
  A yak (D)
  A floating eye (D)
  An ogre (D)
  A jelly (D)
  Ijyb (D)
14 creatures vanquished.

Vanquished Creatures (others)
  A gargoyle (D)
1 creature vanquished.

Grand Total: 15 creatures vanquished

Notes
Turn   | Place    | Note
-------+----------+-------------------------------------------
     0 | D        | Htamos the Troll Berserker began the quest for the Orb.
     0 | D        | Reached XP level 1. HP: 22/22 MP: 0/0
     1 | D        | Noticed Ijyb
    17 | D        | Killed Ijyb
    17 | D        | Reached skill level 4 in Unarmed Combat
    17 | D        | Reached XP level 2. HP: 31/31 MP: 1/1
    21 | D        | Noticed an ogre
    27 | D        | Killed an ogre
    27 | D        | Reached skill level 5 in Fighting
    27 | D        | Reached skill level 5 in Dodging
    27 | D        | Reached skill level 6 in Unarmed Combat
    27 | D        | Reached XP level 3. HP: 33/42 MP: 2/2
    27 | D        | Reached XP level 4. HP: 39/50 MP: 3/3
    66 | D        | Noticed Sigmund
    78 | D        | Killed Sigmund
    78 | D        | Reached ** piety under Trog
    78 | D        | Reached skill level 7 in Unarmed Combat
    78 | D        | Reached XP level 5. HP: 37/61 MP: 4/4
   139 | D        | Found a burning altar of Makhleb.
   139 | D        | Found a viscous altar of Jiyva.
   139 | D        | Found a shimmering altar of Xom.
   139 | D        | Found a corrupted altar of Lugonu.
   139 | D        | Noticed a slime creature
   149 | D        | Killed a slime creature
   149 | D        | Reached skill level 9 in Unarmed Combat
   149 | D        | Reached XP level 6. HP: 14/71 MP: 5/5
   242 | D        | Found an ornate altar of the Wu Jian Council.
   242 | D        | Found a deep blue altar of Sif Muna.
   244 | D        | Found a radiant altar of Vehumet.
   271 | D        | Found Largheif's Antique Weapon Emporium.
   271 | D        | Found an ancient bone altar of Kikubaaqudgha.
   271 | D        | Found a hazy altar of Hepliaklqana.
   271 | D        | Found a hide-covered altar of Uskayaw.
   271 | D        | Found a basalt altar of Yredelemnul.
   271 | D        | Found an opulent altar of Gozag.
   271 | D        | Found a snail-covered altar of Cheibriados.
   271 | D        | Found a sacrificial altar of Ru.
   271 | D        | Found a shadowy altar of Dithmenos.
   271 | D        | Noticed a yak
   275 | D        | Killed a yak
   275 | D        | Reached *** piety under Trog
   275 | D        | Reached XP level 7. HP: 72/80 MP: 6/6
   276 | D        | Found a stormy altar of Qazlal.
   276 | D        | Found a blossoming altar of Fedhas.
   276 | D        | Found a bloodstained altar of Trog.
   276 | D        | Found an iron altar of Okawaru.
   276 | D        | Found a glowing golden altar of the Shining One.
   276 | D        | Found a glowing silver altar of Zin.
   276 | D        | Found a white marble altar of Elyvilon.
   279 | D        | Found a sparkling altar of Nemelex Xobeh.
   314 | D        | Noticed a kobold demonologist
   315 | D        | Noticed a kobold demonologist
   317 | D        | Paralysed by a floating eye for 3 turns
   321 | D        | Noticed an orange demon
   325 | D        | Noticed an orange demon
   325 | D        | Noticed a sixfirhy
   325 | D        | Killed a kobold demonologist
   325 | D        | Reached skill level 10 in Unarmed Combat
   327 | D        | Killed a kobold demonologist
   327 | D        | Reached **** piety under Trog
   327 | D        | Reached XP level 8. HP: 92/92 MP: 7/7
   368 | D        | Noticed a demonic crawler
   368 | D        | Noticed a demonic crawler
   368 | D        | Noticed a demonic crawler
   368 | D        | Noticed a demonic crawler
   399 | D        | Killed a demonic crawler
   399 | D        | Reached skill level 11 in Unarmed Combat
   409 | D        | Killed a demonic crawler
   409 | D        | Reached skill level 10 in Fighting
   409 | D        | Reached skill level 10 in Dodging
   412 | D        | Killed a demonic crawler
   412 | D        | Reached XP level 9. HP: 54/101 MP: 8/8
   415 | D        | Killed a demonic crawler
   415 | D        | Reached skill level 12 in Unarmed Combat
   479 | D        | Killed a gargoyle
   550 | D        | Noticed a gargoyle
   556 | D        | Killed a gargoyle
   564 | D        | Noticed a meliai
   578 | D        | Slain by a lorocyproca

Skill      XL: |  1  2  3  4  5  6  7  8  9 |
---------------+----------------------------+-----
Fighting       | 3 5 6 7 8 9 10 | 10.7
Dodging        | 3 5 6 7 8 9 10 | 10.8
Unarmed Combat | 4 6 7 9 10 11 12 | 12.5

Action                   |  1- 3 |  4- 6 |  7- 9 || total
-------------------------+-------+-------+-------++-------
Melee: Unarmed           |    19 |    23 |    35 ||    77
       Punch             |       |     1 |     2 ||     3
Invok: Berserk           |     1 |     1 |     3 ||     5
       Trog's Hand       |       |       |     1 ||     1
       Brothers in Arms  |       |       |     1 ||     1
  Use: Potion            |       |       |     2 ||     2
  Eat: Chunk             |       |     4 |     3 ||     7
Armor: Animal skin       |     5 |     1 |       ||     6
       Robe              |       |     1 |    20 ||    21
Dodge: Dodged            |     5 |     3 |    45 ||    53
